 Dungeon Crawl Stone Soup version 0.25-a0-865-gd392131cc7 (webtiles) character file.

Game seed: 10365965585184103148, levelgen mode: deterministic

345 EWolf27 the Digger (level 6, -10/34 HPs)
             Began as a Gargoyle Earth Elementalist on Apr 30, 2020.
             Blown up by Ijyb (24 damage)
             ... with a disintegration bolt
             ... on level 4 of the Dungeon.
             The game lasted 00:32:45 (5314 turns).

EWolf27 the Digger (Gargoyle Earth Elementalist)    Turns: 5314, Time: 00:32:46

Health: -10/34     AC:  6    Str: 12    XL:     6   Next: 58%
Magic:  4/12       EV: 11    Int: 17    God:
Gold:   216        SH:  0    Dex: 10    Spells: 9/13 levels left

rFire    . . .     SeeInvis +   f - +0 whip
rCold    . . .     Gourm    .   (no shield)
rNeg     + . .     Faith    .   c - +0 robe
rPois    ∞         Spirit   .   (no helmet)
rElec    +         Reflect  .   (no cloak)
rCorr    .         Harm     .   (no gloves)
MR       .....                  (no boots)
Stlth    +.........             (no amulet)
HPRegen  0.11/turn              (no ring)
MPRegen  0.13/turn              i - ring of see invisible

@: heavily drained
A: negative energy resistance 1, electricity resistance, unbreathing,
petrification resistance, rot immunity, AC +4
a: no special abilities


You were on level 4 of the Dungeon.
You were not hungry.

You visited 1 branch of the dungeon, and saw 4 of its levels.

You collected 216 gold pieces.

Inventory:

Hand Weapons
 f - a +0 whip (weapon)
 g - a +0 dagger
Missiles
 b - 103 stones
 j - 31 poisoned darts (quivered)
Armour
 c - a +0 robe (worn)
 r - a +1 cloak
Jewellery
 e - an uncursed ring of fire
 i - a ring of see invisible (right hand)
Scrolls
 a - 2 scrolls of teleportation
 h - a scroll of enchant weapon {unknown}
 l - a scroll of enchant armour
 n - a scroll of blinking {unknown}
 o - 2 scrolls of identify {unknown}
 q - 2 scrolls of remove curse
 u - a scroll of amnesia {unknown}
 y - a scroll of fog {unknown}
Potions
 k - a potion of mutation {unknown}
 m - a potion of flight {unknown}
 p - a potion of brilliance {unknown}
 s - 2 potions of curing {unknown}
 t - 2 potions of heal wounds {unknown}
 v - a potion of might {unknown}
 w - 2 potions of haste {unknown}
Comestibles
 d - 6 rations
 x - 5 chunks of flesh


   Skills:
 + Level 1.5(0.4) Fighting
 - Level 1.5(0.4) Dodging
 - Level 2.1(1.0) Stealth
 - Level 0.1(0.0) Unarmed Combat
 - Level 4.0(2.7) Spellcasting
 + Level 1.5(0.4) Conjurations
   Level 0.7(0.0) Transmutations
 + Level 6.5(5.2) Earth Magic


You had 9 spell levels left.
You knew the following spells:

 Your Spells              Type           Power        Failure   Level  Hunger
a - Sandblast             Erth           ###...       1%          1    #......
b - Stone Arrow           Conj/Erth      ##....       17%         3    ###....

Your spell library contained the following spells:

 Spells                   Type           Power        Failure   Level  Hunger
 Passwall                 Tmut/Erth      ##......     9%          2    ##.....
 Lee's Rapid Deconstruct  Erth           ###.......   50%         5    ######.
 Petrify                  Tmut/Erth      ##......     52%         4    #####..


Dungeon Overview and Level Annotations

Branches:
Dungeon (4/15)
 Temple: D:4-7

Altars:

Annotations:
D:4 Ijyb


Innate Abilities, Weirdness & Mutations

You are resistant to torment.
Your stone body is resilient. (AC +4)
You are immune to poison.
You resist negative energy. (rN+)
You are resistant to electric shocks. (rElec)
You can survive without breathing.
You are immune to petrification.
You are immune to rotting.


Message History

Casting: Sandblast (safe; 1% risk of failure)
Confirm with . or Enter, or press ? or * to list all spells.
Aiming: Sandblast (safe; 1% risk of failure)
Press: ? - help, Shift-Dir - straight line, f/p - Ijyb
Aim: Ijyb, wielding a +0 dagger, wearing a +0 ring mail and carrying a wand of disintegration (5) (moderately wounded)
The blast of sand hits Ijyb.
Ijyb is heavily wounded.
b - 104 stones Ijyb hits you but does no damage.
Casting: Sandblast (safe; 1% risk of failure)
Confirm with . or Enter, or press ? or * to list all spells.
Aiming: Sandblast (safe; 1% risk of failure)
Press: ? - help, Shift-Dir - straight line, f/p - Ijyb
Aim: Ijyb, wielding a +0 dagger, wearing a +0 ring mail and carrying a wand of disintegration (5) (heavily wounded)
The blast of sand hits Ijyb!
Ijyb is almost dead.
b - 103 stones Ijyb zaps a wand.
You are blasted!
Ouch! That really hurt!
You die...

.....#.)..#.........#
.....+.)..#.........#
.....#.[..#.........#
.....#.)..#.........#
#...####'##.........# #
#.<.##..........#####.#
.....'..........#.....#
.....#..........#.....#
.....#..........@g....#
.....#..........#.....#
.....#..........#.....#
.....#..........#.....#
######..........###...# ...
.........############### ....
.........#.............# ....
.........#............# .....
.........#.......>....##.....


You could see Ijyb.

Vanquished Creatures
  2 orc priests
  An orc wizard (D:4)
  Terence (D:1)
  Natasha (thrice) (D:2)
  2 adders
  An ooze (D:4)
  2 worms
  A dart slug (D:1)
  4 leopard geckos
  10 orcs
  13 bats
  6 giant cockroaches
  15 goblins
  13 hobgoblins
  6 jackals
  11 kobolds
  A ball python (D:4)
  7 frilled lizards
  14 rats
113 creatures vanquished.

Notes
Turn   | Place    | Note
-------+----------+-------------------------------------------
     0 | D:1      | EWolf27 the Gargoyle Earth Elementalist began the quest for
                  | the Orb.
     0 | D:1      | Reached XP level 1. HP: 10/10 MP: 3/3
   186 | D:1      | Reached skill level 4 in Earth Magic
   187 | D:1      | Reached XP level 2. HP: 2/15 MP: 0/5
   847 | D:1      | Reached XP level 3. HP: 19/19 MP: 6/6
   985 | D:1      | Learned a level 3 spell: Stone Arrow
  1292 | D:1      | Reached skill level 5 in Earth Magic
  1972 | D:2      | Reached XP level 4. HP: 24/24 MP: 7/7
  1982 | D:2      | Noticed Natasha
  1988 | D:2      | Killed Natasha
  2039 | D:2      | Noticed Terence
  2046 | D:2      | Noticed Natasha
  2422 | D:1      | Killed Terence
  2873 | D:2      | Killed Natasha
  2873 | D:2      | Reached skill level 6 in Earth Magic
  2873 | D:2      | Reached XP level 5. HP: 28/28 MP: 5/9
  2970 | D:2      | Noticed Natasha
  2977 | D:2      | Killed Natasha
  3921 | D:3      | Reached XP level 6. HP: 26/32 MP: 12/12
  4682 | D:4      | Reached skill level 1 in Fighting
  4682 | D:4      | Reached skill level 1 in Conjurations
  5305 | D:4      | Noticed Ijyb
  5314 | D:4      | Blown up by Ijyb

Levels and vault maps discovered:
D:1:      onia_arrival_handbag, layout_loops_ring, minmay_heptomino_h4
D:2:      layout_loops_ring, first_ration, uniq_terence, uniq_natasha
D:3:      cheibrodos_greedy_goblins, layout_rooms
D:4:      layout_gridville, uniq_ijyb

Skill      XL: |  1  2  3  4  5  6 |
---------------+-------------------+-----
Earth Magic    | 4 5 6 |  6.5
Spellcasting   | 3 4 |  4.0
Fighting       | 1 |  1.5
Conjurations   | 1 |  1.5
Dodging        | |  1.5
Stealth        | |  2.1
Unarmed Combat | |  0.1
Transmutations | |  0.7

Action                   |  1- 3 |  4- 6 || total
-------------------------+-------+-------++-------
Melee: Unarmed           |    50 |       ||    50
       Whip              |    79 |   203 ||   282
Throw: Dart              |     2 |     4 ||     6
 Cast: Sandblast         |    23 |    73 ||    96
       Stone Arrow       |       |     2 ||     2
  Use: Scroll            |       |     3 ||     3
 Stab: Sleeping          |     8 |     3 ||    11
       Distracted        |       |     1 ||     1
  Eat: Chunk             |     4 |     5 ||     9
       Ration            |       |     2 ||     2
Armor: Robe              |    57 |   102 ||   159
Dodge: Dodged            |    92 |   196 ||   288

Table legend:
 A = Non-vault XP
 B = Vault XP
 C = Vault XP percentage of total XP
 D = Non-vault monster count
 E = Vault monster count
 F = Vault count percentage of total count
                 A         B        C        D         E       F
            +---------+---------+-------+---------+---------+-------
      Total |     394 |      99 |  20.1 |      93 |      20 |  17.7
            +---------+---------+-------+---------+---------+-------
        D:1 |      58 |      46 |  44.2 |      32 |       9 |  22.0
        D:2 |     111 |      33 |  22.9 |      18 |       1 |   5.3
        D:3 |      94 |      20 |  17.5 |      27 |      10 |  27.0
        D:4 |     131 |       0 |   0.0 |      16 |       0 |   0.0
            +---------+---------+-------+---------+---------+-------
